 Dungeon Crawl Stone Soup version 0.30.2 (webtiles) character file.

Game seed: 13967134558706582905

1850 porpoise the Sneak (level 8, -2/41 (42) HPs)
             Began as a Spriggan Hunter on Jan 26, 2024.
             Was a Believer of Fedhas.
             Slain by a wight
             ... wielding a +4 scimitar of freezing
              (3 damage)
             ... on level 7 of the Dungeon.
             The game lasted 00:16:54 (6909 turns).

porpoise the Sneak (Spriggan Hunter)                Turns: 6909, Time: 00:16:56

HP:   -2/41 (42)    AC:  4    Str:  9    XL:     8   Next: 88%
MP:   15/21         EV: 18    Int: 11    God:    Fedhas [**....]
Gold: 388           SH:  0    Dex: 20    Spells: 7/7 levels left

rFire   . . .        b - +7 falchion of Effaell {drain, rN+ Will++ MP+9 Str+2}
rCold   . . .        (no shield)
rNeg    + . .        p - +1 robe {Will+}
rPois   .            (helmet restricted)
rElec   .            D - +0 cloak
rCorr   .            (gloves unavailable)
SInv    +            (boots unavailable)
Will    +++++        (no amulet)
Stlth   ++++         G - ring of willpower
HPRegen 0.26/turn    (no ring)
MPRegen 0.17/turn

%: no passive effects
@: studying Armour, lightly drained, very quick
A: very small, no large weapons, unfitting armour, see invisible, speed 3
a: Renounce Religion, Wall of Briars


You were on level 7 of the Dungeon.
You worshipped Fedhas.
Fedhas was pleased with you.
You visited 2 branches of the dungeon, and saw 8 of its levels.

You collected 388 gold pieces.

Inventory:

Hand Weapons
 a - a +1 shortbow of freezing
 b - the +7 falchion of Effaell (weapon) {drain, rN+ Will++ MP+9 Str+2}
   (You took it off an orc on level 4 of the Dungeon)

   Str:       It affects your strength (+2).
   rN:        It protects you from negative energy.
   MP:        It affects your magic capacity (+9).
   Will:      It greatly increases your willpower.
 s - a +1 mace of holy wrath
 B - a +2 dagger of venom
Missiles
 t - 35 poisoned darts
 A - 6 boomerangs
Armour
 p - a +1 robe of willpower (worn)
 D - a +0 cloak (worn)
Jewellery
 G - a ring of willpower (left hand)
Wands
 y - a wand of iceblast (27)
Scrolls
 c - a scroll of blinking {unknown}
 f - 3 scrolls of amnesia
 h - a scroll of fear
 l - 5 scrolls of teleportation
 m - a scroll of immolation
 n - a scroll of enchant weapon
 r - 2 scrolls of brand weapon
 w - a scroll of poison {unknown}
 x - a scroll of magic mapping
 z - a scroll of fog {unknown}
 E - a scroll of enchant armour {unknown}
Potions
 d - a potion of magic
 e - a potion of berserk rage
 g - 5 potions of haste
 i - 3 potions of curing
 j - 2 potions of heal wounds
 k - a potion of cancellation
 o - 4 potions of flight
 q - 5 potions of ambrosia
 u - a potion of might
 v - a potion of mutation {unknown}
 C - 2 potions of lignification {unknown}
 F - a potion of attraction {unknown}


   Skills:
 + Level 4.8 Fighting
 * Level 6.5 Short Blades
 - Level 6.4 Ranged Weapons
 - Level 2.6 Dodging
 - Level 7.0 Stealth
 + Level 4.3 Invocations


You had 7 spell levels left.
You didn't know any spells.
Your spell library contained the following spells:

 Spells                   Type           Power      Damage    Failure   Level
 Freeze                   Ice            0%         1d3       34%         1
 Dazzling Flash           Conj/Hex       0%         N/A       71%         3
 Frozen Ramparts          Ice            0%         1d1       71%         3
 Hailstorm                Conj/Ice       0%         3d3       71%         3
 Tukima's Dance           Hex            0%         N/A       71%         3
 Volatile Blastmotes      Fire/Tloc      0%         2d10      71%         3
 Iskenderun's Mystic Bla  Conj/Tloc      0%         2d3       98%         4
 Passage of Golubria      Tloc           0%         N/A       98%         4
 Yara's Violent Unravell  Hex/Tmut       0%         3d3       100%        5
 Starburst                Conj/Fire      0%         6d3       100%        6


Dungeon Overview and Level Annotations

Branches:
Dungeon (7/15)             Temple (1/1) D:4

Altars:
Ashenzari
Cheibriados
Dithmenos
Elyvilon
Fedhas
Kikubaaqudgha
Makhleb
Nemelex Xobeh
Okawaru
Ru
Sif Muna
Trog
Uskayaw
Vehumet
Wu Jian
Xom
Yredelemnul
Zin
The Shining One
Lugonu

Shops:
D:1 =   D:5 :

Annotations:
D:3 3 runed translucent doors, AberrantSnake's ghost, weakling TeCj; Crazy Yiuf


Innate Abilities, Weirdness & Mutations

You are very small and have problems with some larger weapons.
You are too small for most types of armour.
You have supernaturally acute eyesight. (SInv)
You cover ground extremely quickly. (Speed+++)


Message History

You hit the wight.
The wight is almost destroyed.
The wight hits you with a +2 mace!
* * * LOW HITPOINT WARNING * * *
You partially resist.
You feel drained.
* * * LOW HITPOINT WARNING * * *
You closely miss the wight.
The wight is almost destroyed.
The wight barely misses you.
You slash the wight!
You destroy the wight!
Fedhas accepts your kill.
Training target 7.0 for Stealth reached!
Your Stealth skill increases to level 7!
You hit the wight.
The wight is lightly damaged.
The wight closely misses you.
You slash the wight!
The wight is severely damaged.
The wight closely misses you.
You barely miss the wight.
The wight is severely damaged.
The wight closely misses you. The wight misses you.
You slash the wight!
You destroy the wight!
Fedhas accepts your kill.
You barely miss the wight. The wight misses you.
You closely miss the wight.
The wight hits you with a +4 scimitar of freezing.
* * * LOW HITPOINT WARNING * * *
The wight freezes you.
* * * LOW HITPOINT WARNING * * *
You barely miss the wight. The wight closely misses you.
You hit the wight.
The wight is moderately damaged.
The wight hits you with a +4 scimitar of freezing.
* * * LOW HITPOINT WARNING * * *
The wight freezes you.
You die...
Fedhas appreciates your contribution to the ecosystem.

#.##.# # ..##.##.####
............
####.#######
#.#.....#
#.#.....#####.#
#.............#
###......###########.
#..........@z......
###.##.###########.
#.##.# ########>.<.#
............#
#######.....# ###
#.##.## ..#####.##.#
#....##.##.#


You could see a wight.

Vanquished Creatures
  Duvessa (D:5)
  2 sky beasts
  An ogre (D:5)
  A centaur (D:5)
  A kobold brigand (D:6)
  Blork the orc (D:4)
  2 bullfrogs
  A gnoll sergeant (D:6)
  4 scorpions
  2 wights (D:7)
  Dowan (D:5)
  3 hounds
  3 orc priests
  Jessica (D:2)
  A gnoll bouda (D:7)
  Ijyb (D:4)
  2 orc wizards (D:4)
  4 iguanas
  9 gnolls
  7 adders
  2 white imps
  An ufetubus (D:5)
  2 worms (D:2)
  A dart slug (D:4)
  12 orcs
  5 ball pythons
  9 endoplasms
  A giant cockroach (D:3)
  8 hobgoblins
  11 jackals
  11 kobolds
  2 quokkas
  3 bats
  6 rats
122 creatures vanquished.

Notes
Turn   | Place    | Note
-------+----------+-------------------------------------------
     0 | D:1      | porpoise the Spriggan Hunter began the quest for the Orb.
     0 | D:1      | Reached XP level 1. HP: 10/10 MP: 2/2
   109 | D:1      | Reached XP level 2. HP: 15/15 MP: 3/3
   374 | D:1      | Found Kolanur's Jewellery Shop.
   520 | D:1      | Found a faded altar of an unknown god.
   683 | D:2      | Reached XP level 3. HP: 18/18 MP: 4/4
   943 | D:2      | Reached skill level 5 in Ranged Weapons
   986 | D:2      | Noticed Jessica
   991 | D:2      | Killed Jessica
   992 | D:2      | Reached XP level 4. HP: 23/23 MP: 5/5
  1145 | D:3      | Found a broken altar of Ashenzari.
  1169 | D:3      | Found a runed translucent door.
  1189 | D:3      | Found a runed translucent door.
  1190 | D:3      | Noticed AberrantSnake's ghost (weakling TeCj)
  1325 | D:3      | Found an ancient bone altar of Kikubaaqudgha.
  1558 | D:3      | Found a sacrificial altar of Ru.
  1579 | D:3      | Found a shadowy altar of Dithmenos.
  1601 | D:3      | Found a runed translucent door.
  1602 | D:3      | Noticed Crazy Yiuf
  1907 | D:3      | Reached XP level 5. HP: 27/27 MP: 6/6
  1979 | D:3      | Found a radiant altar of Vehumet.
  2220 | D:4      | Noticed Ijyb
  2235 | D:4      | Killed Ijyb
  2425 | D:4      | Found a staircase to the Ecumenical Temple.
  2437 | D:4      | Identified the +7 falchion of Effaell {drain, rN+ Will++
                  | MP+9 Str+2}
  2440 | Temple   | Entered the Ecumenical Temple
  2478 | Temple   | Became a worshipper of Fedhas Madash
  2728 | D:4      | Reached skill level 2 in Stealth
  2743 | D:4      | Reached XP level 6. HP: 21/32 MP: 7/7
  2755 | D:4      | Reached skill level 1 in Invocations
  2912 | D:4      | Found a white marble altar of Elyvilon.
  2915 | D:4      | Found a sparkling altar of Nemelex Xobeh.
  2920 | D:4      | Found a glowing golden altar of the Shining One.
  3195 | D:4      | Reached * piety under Fedhas
  3200 | D:4      | Reached skill level 3 in Stealth
  3348 | D:4      | Noticed Blork the orc
  3355 | D:4      | Killed Blork the orc
  3356 | D:4      | Reached skill level 1 in Short Blades
  3443 | D:5      | Entered Level 5 of the Dungeon
  3721 | D:5      | Noticed Dowan
  3722 | D:5      | Noticed Duvessa
  3734 | D:5      | HP: 1/32 [Duvessa/+0 rapier (1)]
  3737 | D:5      | Killed Duvessa
  3738 | D:5      | Reached skill level 4 in Stealth
  3738 | D:5      | Reached XP level 7. HP: 24/36 MP: 9/9
  3740 | D:5      | Killed Dowan
  3832 | D:5      | Found an ornate altar of the Wu Jian Council.
  3914 | D:5      | Identified the +0 ring mail "Zaoxiud" {Harm rC+ rN++ Int-4}
  4355 | D:5      | Found Qony's Book Shop.
  4484 | D:5      | Reached skill level 5 in Stealth
  5202 | D:6      | Reached XP level 8. HP: 42/42 MP: 10/11
  5579 | D:6      | Reached skill level 5 in Short Blades
  5799 | D:6      | Reached skill level 6 in Stealth
  6033 | D:6      | Found a hide-covered altar of Uskayaw.
  6253 | D:7      | Reached ** piety under Fedhas
  6902 | D:7      | Reached skill level 7 in Stealth
  6909 | D:7      | HP: 1/41 [wight/+4 scimitar of freezing (6)]
  6909 | D:7      | Slain by a wight

Illustrated notes

Levels and vault maps discovered:
D:1:      minmay_arrival_diagonal_passages, layout_basic,
          shapermc_ecumenical_altar_pompeii, serial_shops, shop,
          minmay_tiny_reverse_x
D:2:      layout_basic, kennysheep_jessica_study
D:3:      layout_loops_ring, mainiacjoe_overflow_cross_hatched,
          mainiacjoe_overflow_tiny_flanked, cheibrodos_ashenzari_chains,
          mainiacjoe_overflow_chevrons, grunt_dithmenos_smoke_and_mirrors,
          ebering_ghost_sewer_f, kennysheep_pointless_box,
          uniq_crazy_yiuf_cottage
D:4:      layout_loops_cross, grunt_temple_overflow_diamond,
          minmay_temple_entry_stoned_glass, uniq_blork_the_orc, uniq_ijyb
D:5:      layout_layer_cave, nicolae_wu_jian_immortal_techniques, serial_shops,
          kennysheep_little_box, uniq_duvessa
D:6:      layout_loops_corners, general_overflow_altar
D:7:      cheibrodos_quashed, layout_loops_ring, due_unseen_surprise
Temple:   corrupted_temple

Skill      XL: |  1  2  3  4  5  6  7  8 |
---------------+-------------------------+-----
Fighting       | 2 3 4 |  4.8
Ranged Weapons | 5 6 |  6.4
Stealth        | 2 4 5 7 |  7.0
Invocations    | 2 3 4 |  4.3
Short Blades   | 2 4 6 |  6.5
Dodging        | |  2.6

Action                     |  1- 3 |  4- 6 |  7- 9 || total
---------------------------+-------+-------+-------++-------
  Melee: Falchion          |       |    38 |    74 ||   112
   Fire: Shortbow          |    82 |   107 |    83 ||   272
    Use: Scroll            |     6 |     2 |     8 ||    16
         Potion            |       |     1 |       ||     1
   Stab: Sleeping          |       |     3 |     1 ||     4
 Armour: Robe              |     1 |    10 |    12 ||    23
  Dodge: Dodged            |    13 |    78 |    90 ||   181
